 Dungeon Crawl Stone Soup version 0.29-a0-322-g68df515428 (webtiles) character file.

Game seed: 337452974139871503

28 Ijustatesigmund the Firebug (level 3, 0/19 HPs)
             Began as a Tengu Fire Elementalist on Apr 7, 2022.
             Slain by an adder (4 damage)
             ... on level 1 of the Dungeon.
             The game lasted 00:02:43 (1063 turns).

Ijustatesigmund the Firebug (TeFE)                  Turns: 1063, Time: 00:02:44

Health: 0/19       AC:  2    Str:  8    XL:     3   Next: 14%
Magic:  6/7        EV: 12    Int: 17    God:
Gold:   93         SH:  0    Dex: 14    Spells: 5/6 levels left

rFire   . . .      SeeInvis .   f - +0 long sword
rCold   . . .      Faith    .   (no shield)
rNeg    . . .      Spirit   .   a - +0 robe
rPois   .          Reflect  .   (helmet restricted)
rElec   .          Harm     .   (no cloak)
rCorr   .          Rampage  .   (no gloves)
Will    .....                   (boots unavailable)
Stlth   ++........              c - amulet of magic regeneration
HPRegen 0.06/turn               (no ring)
MPRegen 0.50/turn               (no ring)

@: lethally poisoned (0 -> -2)
A: beak, talons 3
a: no special abilities


You were on level 1 of the Dungeon.
You visited 1 branch of the dungeon, and saw 2 of its levels.

You collected 93 gold pieces.

Inventory:

Hand Weapons
 f - a +0 long sword (weapon)
Armour
 a - a +0 robe (worn)
Jewellery
 c - an amulet of magic regeneration (around neck)
 j - an amulet of regeneration
Scrolls
 e - a scroll of identify
Potions
 b - a potion of magic
 d - a potion of curing
 g - a potion of haste


   Skills:
 - Level 2.1 Dodging
 - Level 2.0 Stealth
 - Level 2.0 Spellcasting
 + Level 3.0 Conjurations
 + Level 4.0 Fire Magic


You had 5 spell levels left.
You knew the following spells:

 Your Spells              Type           Power      Damage    Failure   Level
a - Foxfire               Conj/Fire      52%        2x1d6     4%          1

Your spell library contained the following spells:

 Spells                   Type           Power      Damage    Failure   Level
 Scorch                   Fire           30%        2d7       5%          2
 Conjure Flame            Conj/Fire      13%        6-21      14%         3
 Inner Flame              Hex/Fire       8%         N/A       26%         3
 Flame Wave               Conj/Fire      13%        2d6       41%         4


Dungeon Overview and Level Annotations

Branches:
Dungeon (2/15)

Altars:


Innate Abilities, Weirdness & Mutations

You have a beak for a mouth.
You have claws for feet.


Message History

A goblin comes into view. It is wielding a +0 club.
There is a stone staircase leading up here.
Casting: Foxfire (safe; 4% risk of failure)
Confirm with . or Enter, or press ? or * to list all spells.
You conjure some foxfire!
The frilled lizard hisses angrily.
The foxfire hits the frilled lizard.
You kill the frilled lizard!
The foxfire hits the goblin.
The goblin is severely wounded.
Your Conjurations skill increases to level 3!
The adder bites you but does no damage. The rat barely misses you.
The hobgoblin hits you.
You climb upwards.
There is a stone staircase leading down here.
Casting: Foxfire (safe; 4% risk of failure)
Confirm with . or Enter, or press ? or * to list all spells.
You conjure some foxfire!
The adder barely misses you. The hobgoblin barely misses you.
The rat bites you.
The foxfire hits the rat but does no damage.
The foxfire hits the adder.
The adder is lightly wounded.
The adder closely misses you. The adder bites you.
You are poisoned.
The adder poisons you! The rat barely misses you. The hobgoblin hits you.
Casting: Foxfire (safe; 4% risk of failure)
Confirm with . or Enter, or press ? or * to list all spells.
You conjure some foxfire!
You feel sick. The adder closely misses you. The hobgoblin barely misses you.
The rat bites you but does no damage.
You feel sick.
The foxfire hits the rat.
You kill the rat!
The foxfire hits the adder.
The adder is heavily wounded.
The adder closely misses you. The hobgoblin hits you.
Casting: Foxfire (safe; 4% risk of failure)
Confirm with . or Enter, or press ? or * to list all spells.
You conjure some foxfire!
You feel sick. The adder bites you.
* * * LOW HITPOINT WARNING * * *
The hobgoblin misses you. The adder bites you.
You die...

.# #.#.# #.#.##..........#... .#
#.#.# #.#..'...........#.. .#
#.#.# #.####...........### .#
#...# #.....#####.........
§#################.# #.........
§§§§§§§§§§§......#.# #.........
################.#.#####.........
#.#.....gv............#+#.
#.......v@..........[.....
#.#.#####S########.###..#.
####+#'## #...........##..#.
#.......# #.................
#.......# ########..#.##..#.
#....[..# #..#.##..#. #.......#
#..#.....##
####†#+############..####.###
#.#.# #...........## #....


You could see an adder and a hobgoblin (ally target).

Vanquished Creatures
  A dart slug (D:1)
  2 ball pythons (D:1)
  3 bats (D:1)
  2 endoplasms (D:1)
  4 goblins (D:1)
  6 hobgoblins (D:1)
  A quokka (D:1)
  2 frilled lizards
  3 rats (D:1)
24 creatures vanquished.

Vanquished Creatures (others)
  80 foxfires
80 creatures vanquished.

Grand Total: 104 creatures vanquished

Notes
Turn   | Place    | Note
-------+----------+-------------------------------------------
     0 | D:1      | Ijustatesigmund the Tengu Fire Elementalist began the quest
                  | for the Orb.
     0 | D:1      | Reached XP level 1. HP: 10/10 MP: 4/4
   151 | D:1      | Reached XP level 2. HP: 15/15 MP: 6/6
   692 | D:1      | Reached skill level 4 in Fire Magic
   692 | D:1      | Reached XP level 3. HP: 19/19 MP: 7/7
  1063 | D:1      | Slain by an adder

Illustrated notes

Levels and vault maps discovered:
D:1:      lemuel_arrival_room, layout_basic, minmay_distorted
D:2:      layout_rooms, uniq_natasha, uniq_sigmund, uniq_jessica

Skill      XL: |  1  2  3 |
---------------+----------+-----
Conjurations   | 2 3 |  3.0
Fire Magic     | 4 |  4.0
Dodging        | |  2.1
Stealth        | |  2.0
Spellcasting   | |  2.0

Action                   || total
-------------------------++-------
Melee: Unarmed           ||     3
       Peck              ||     1
 Cast: Foxfire           ||    53
  Use: Scroll            ||     5
Armor: Robe              ||     3
Dodge: Dodged            ||    14

Table legend: (Time is in decaauts)
 A = Elapsed time spent in this place.
 B = Non-inter-level travel time spent in this place.
 C = Inter-level travel time spent in this place.
 D = Time resting spent in this place.
 E = Time spent auto-exploring this place.
 F = Levels seen in this place.
 G = Mean time per level.
                   A        B        C        D        E       F      G
               +--------+--------+--------+--------+--------+-----+--------+
         Total |   1062 |   1045 |     17 |    179 |    669 |   2 |  531.0 |
       Dungeon |   1062 |   1045 |     17 |    179 |    669 |   2 |  531.0 |
               +--------+--------+--------+--------+--------+-----+--------+

Top non-repeatable levels by time:
     D:1: 1056 daAuts
     D:2: 5 daAuts
